 Dungeon Crawl Stone Soup version 0.31-a0-161-gb58dd9be76 (webtiles) character file.

Game seed: 10866583884796014079

15 Serulin the Trooper (level 2, 0/19 HPs)
             Began as a Gargoyle Fighter on June 13, 2023.
             Slain by Natasha (3 damage)
             ... on level 2 of the Dungeon.
             The game lasted 00:02:34 (893 turns).

Serulin the Trooper (Gargoyle Fighter)               Turns: 893, Time: 00:02:37

Health: 0/19       AC:  9    Str: 19    XL:     2   Next: 50%
Magic:  2/2        EV:  9    Int:  8    God:
Gold:   79         SH:  4    Dex:  9    Spells: 1/1 levels left

rFire   + . .        a - +0 flail
rCold   + . .        c - +0 buckler
rNeg    + . .        b - +0 scale mail
rPois   ∞            (no helmet)
rElec   +            g - scarf {rC+ rF+}
rCorr   .            (no gloves)
SInv    .            (no boots)
Will    .....        (no amulet) Stlth
                     (no ring)
HPRegen 0.23/turn    (no ring)
MPRegen 0.08/turn

%: no passive effects
@: no status effects
A: sickness immunity, AC +2, negative energy resistance 1, electricity
resistance, torment resistance 1, petrification resistance
a: no special abilities


You were on level 2 of the Dungeon.
You visited 1 branch of the dungeon, and saw 2 of its levels.

You collected 79 gold pieces.

Inventory:

Hand Weapons
 a - a +0 flail (weapon)
Armour
 b - a +0 scale mail (worn)
 c - a +0 buckler (worn)
 g - a scarf of resistance (worn)
Scrolls
 e - a scroll of immolation {unknown}
 h - a scroll of acquirement {unknown}
Potions
 d - a potion of might
 f - a potion of mutation {unknown}
 i - a potion of enlightenment {unknown}


   Skills:
 + Level 3.5 Fighting
 + Level 2.2 Maces & Flails
 + Level 3.5 Armour
 + Level 3.5 Shields


You had one spell level left.
You didn't know any spells.
Your spell library was empty.

Dungeon Overview and Level Annotations

Branches:
Dungeon (2/15)

Altars:
Xom

Annotations:
D:2 Natasha


Innate Abilities, Weirdness & Mutations

You are immune to sickness and miasma.
Your stone body is resilient. (AC +2)
You are immune to poison.
You resist negative energy. (rN+)
You are resistant to electric shocks. (rElec)
You are resistant to unholy torment.
You are immune to petrification.


Message History

There is a stone staircase leading up here.
You now have 79 gold pieces (gained 12).
Found an escape hatch in the ceiling.
No target in view!
Found a shimmering altar of Xom.
A bat comes into view.
You closely miss the bat. The bat hits you but does no damage.
You block the bat's attack.
A ball python comes into view.
The ball python hisses angrily.
You hear an angry hiss.
The bat closely misses you. The bat hits you but does no damage.
Natasha, Servant of Life and Death comes into view.
There is an escape hatch in the ceiling here.
You closely miss the bat. You block the bat's attack.
The bat barely misses you.
The ball python bites you but does no damage.
The ball python grabs you. The ball python constricts you.
You completely miss the ball python. The bat hits you but does no damage.
The ball python bites you but does no damage.
The ball python constricts you.
Natasha casts a spell.
The ball python bites you but does no damage.
The ball python constricts you.
You barely miss the ball python. The bat completely misses you.
The ball python bites you. The ball python constricts you.
The cerulean imp hits you from afar with a +1 spear.
The ball python bites you. The ball python constricts you.
You barely miss the ball python. You block the bat's attack. Natasha claws you.
The cerulean imp hits you from afar with a +1 spear.
The ball python bites you but does no damage.
The ball python constricts you.
You sock the ball python!
You kill the ball python!
The bat hits you but does no damage.
Natasha mewls in sadness.
Natasha claws you!
* * * LOW HITPOINT WARNING * * *
You block the cerulean imp's attack. Natasha claws you.
You die...

#.###..#
#......# #..
#####.####..#
#.# #...###
#.# #.....#
#.# #.....#
#.###.._..###
#.#.h†.5.....
#.#.#@.......
#....b..#####
#########


You could see Natasha, a cerulean imp (summoned) and a bat.

Vanquished Creatures
  A dart slug (D:1)
  2 ball pythons
  2 bats (D:1)
  2 endoplasms (D:1)
  A quokka (D:1)
  2 kobolds (D:1)
  4 rats
14 creatures vanquished.

Notes
Turn   | Place    | Note
-------+----------+-------------------------------------------
     0 | D:1      | Serulin the Gargoyle Fighter began the quest for the Orb.
     0 | D:1      | Reached XP level 1. HP: 14/14 MP: 1/1
   200 | D:1      | Reached XP level 2. HP: 19/19 MP: 2/2
   882 | D:2      | Found a shimmering altar of Xom.
   887 | D:2      | Noticed Natasha
   893 | D:2      | Slain by Natasha

Illustrated notes

Levels and vault maps discovered:
D:1:      dpeg_arrival_connections, layout_loops_ring
D:2:      layout_loops_ring, basic_altar, serial_forest,
          infiniplex_forest_corner_2, infiniplex_forest_pool,
          infiniplex_forest_clump_small, infiniplex_forest_zigzag_1,
          infiniplex_forest_zigzag_1, infiniplex_forest_diagonal,
          infiniplex_forest_straight_2, lightli_corner_chamber, uniq_natasha

Action                     || total
---------------------------++-------
  Melee: Flail             ||    50
 Armour: Scale mail        ||    31
  Dodge: Dodged            ||    27
  Block: Buckler           ||    16

Table legend: (Time is in decaauts)
 A = Elapsed time spent in this place.
 B = Non-inter-level travel time spent in this place.
 C = Inter-level travel time spent in this place.
 D = Time resting spent in this place.
 E = Time spent auto-exploring this place.
 F = Levels seen in this place.
 G = Mean time per level.
                   A        B        C        D        E       F      G
               +--------+--------+--------+--------+--------+-----+--------+
         Total |    908 |    887 |     21 |      0 |    755 |   2 |  454.0 |
       Dungeon |    908 |    887 |     21 |      0 |    755 |   2 |  454.0 |
               +--------+--------+--------+--------+--------+-----+--------+

Top non-repeatable levels by time:
     D:1: 803 daAuts
     D:2: 105 daAuts
